 Dungeon Crawl Stone Soup version 0.31-a0-986-g5e6e4ef867 (webtiles) character file.

Game seed: 457809864249898237

160 Curundu the Cudgeller (level 5, 0/46 HPs)
             Began as a Draconian Berserker on Nov 11, 2023.
             Was a Believer of Trog.
             Slain by a sleepcap (3 damage)
             ... on level 4 of the Dungeon.
             The game lasted 00:25:42 (3758 turns).

Curundu the Cudgeller (Draconian Berserker)         Turns: 3758, Time: 00:25:43

Health: 0/46       AC:  5    Str: 19    XL:     5   Next: 17%
Magic:  5/5        EV: 13    Int:  8    God:    Trog [**....]
Gold:   84         SH:  0    Dex: 12    Spells: 4/4 levels left

rFire   . . .        q - +3 morningstar
rCold   . . .        (no shield)
rNeg    . . .        (body armour unavailable)
rPois   .            (helmet restricted)
rElec   .            (no cloak)
rCorr   .            (no gloves)
SInv    .            (no boots)
Will    +....        (no amulet)
Stlth   ++           (no ring)
HPRegen 0.27/turn    (no ring)
MPRegen 0.09/turn

%: no passive effects
@: enlightened, flying
A: AC +5, unfitting armour, cold-blooded
a: Renounce Religion, Berserk, Trog's Hand


You were on level 4 of the Dungeon.
You worshipped Trog.
Trog was pleased with you.
You visited 1 branch of the dungeon, and saw 4 of its levels.

You collected 108 gold pieces.
You spent 24 gold pieces at shops.

Inventory:

Hand Weapons
 a - a +0 mace
 q - a +3 morningstar (weapon)
Missiles
 f - 10 atropa-tipped darts (quivered)
Magical Staves
 i - a staff of death
 o - a staff of death
Scrolls
 d - 4 scrolls of identify
 g - 2 scrolls of teleportation {unknown}
 h - a scroll of poison {unknown}
 l - a scroll of immolation {unknown}
 r - a scroll of enchant armour {unknown}
Potions
 c - a potion of ambrosia {unknown}
 e - a potion of enlightenment
 j - a potion of magic {unknown}
 k - a potion of heal wounds {unknown}
 m - a potion of haste {unknown}
 n - a potion of attraction {unknown}
 p - 2 potions of degeneration {unknown}


   Skills:
 + Level 4.0 Fighting
 + Level 4.4 Maces & Flails
 + Level 3.7 Dodging
 + Level 1.1 Stealth


You had 4 spell levels left.
You didn't know any spells.
Your spell library was empty.

Dungeon Overview and Level Annotations

Branches:
Dungeon (4/15)
 Temple: D:4-7

Altars:
Makhleb
Zin

Shops:
D:2 *


Innate Abilities, Weirdness & Mutations

Your plain brown scales are hard. (AC +5)
You cannot fit into any form of body armour.
You are cold-blooded and may be slowed by cold attacks.


Message History

You barely miss the hobgoblin.
The hobgoblin is lightly wounded.
The hobgoblin hits you.
You hit the hobgoblin.
The hobgoblin is severely wounded.
The hobgoblin hits you but does no damage.
The sleepcap releases spores at you. The hobgoblin hits you.
You barely miss the hobgoblin.
Your tail-slap misses the hobgoblin.
The hobgoblin is severely wounded.
The hobgoblin hits you. The sleepcap misses you.
You barely miss the hobgoblin.
The hobgoblin is severely wounded.
The hobgoblin barely misses you. The sleepcap releases spores at you.
You completely miss the hobgoblin.
The hobgoblin is severely wounded.
The hobgoblin barely misses you. The sleepcap closely misses you.
You sock the hobgoblin!
You kill the hobgoblin!
Trog accepts your kill. The sleepcap barely misses you.
The sleepcap releases spores at you.
You are engulfed in a cloud of soporific spores!
You fall asleep.
The sleepcap releases spores at you!!
You wake up.
* * * LOW HITPOINT WARNING * * *
You sock the sleepcap! You tail-slap the sleepcap.
The sleepcap is heavily damaged.
The sleepcap closely misses you.
You hit the sleepcap.
The sleepcap is severely damaged.
The sleepcap closely misses you.
You hit the sleepcap but do no damage.
The sleepcap is severely damaged.
The sleepcap releases spores at you.
* * * LOW HITPOINT WARNING * * *
The sleepcap releases spores at you!
* * * LOW HITPOINT WARNING * * *
It was a potion of enlightenment.
You feel very buoyant.
You fly up into the air.
The sleepcap releases spores at you.
You die...

.#..# ....## [.... #....
##.#.#######....
#..#......##.... #
#..#....#..#.... .#.#
###..........'.... .....
#.##.#.#.....#....
.##...#†#..#.####...)###
......f@.....#.........#
###.......####.###.###..
#.......#### #.#####
#...$......# ##....#
#......###.##.#####.##
#......+....#.# #...
#......#......# ###.
#.........<.# #######.
###.#...## #..†....


You could see a sleepcap.

Vanquished Creatures
  3 gnolls (D:2)
  6 adders
  A worm (D:2)
  3 dart slugs
  An orc (D:3)
  6 ball pythons
  3 bats
  8 endoplasms
  A giant cockroach (D:2)
  4 goblins
  8 hobgoblins
  6 jackals
  4 kobolds
  A quokka (D:2)
  2 frilled lizards
  6 rats
  A spectral goblin (D:3)
64 creatures vanquished.

Notes
Turn   | Place    | Note
-------+----------+-------------------------------------------
     0 | D:1      | Curundu the Draconian Berserker began the quest for the
                  | Orb.
     0 | D:1      | Reached XP level 1. HP: 19/19 MP: 1/1
   154 | D:1      | Reached XP level 2. HP: 26/26 MP: 2/2
  1030 | D:2      | Reached XP level 3. HP: 25/31 MP: 3/3
  1482 | D:2      | Found Niqocifi's Assorted Antiques.
  1507 | D:2      | Bought a scroll labelled SUGGIENOMM for 24 gold pieces
  1600 | D:2      | Reached XP level 4. HP: 34/40 MP: 4/4
  1979 | D:2      | HP: 2/40 [gnoll/+0 flail (12)]
  2333 | D:3      | Found a glowing silver altar of Zin.
  2352 | D:3      | Reached ** piety under Trog
  2585 | D:3      | Reached skill level 1 in Stealth
  2587 | D:3      | Reached XP level 5. HP: 19/46 MP: 5/5
  2842 | D:3      | Found a burning altar of Makhleb.
  2992 | D:3      | Found a faded altar of an unknown god.
  3758 | D:4      | Slain by a sleepcap

Illustrated notes

Levels and vault maps discovered:
D:1:      amcnicky_arrival_underground_garden, layout_basic
D:2:      layout_loops_cross, serial_shops, nicolae_shop_trees
D:3:      layout_basic, bloody_makhleb,
          mainiacjoe_overflow_concentric_impassable,
          dreamdust_ecumenical_altar_drowned_temple,
          nicolae_twisty_statue_hallways, uniq_crazy_yiuf_cottage
D:4:      layout_basic, marbit_many_paths, minmay_between, uniq_menkaure

Skill      XL: |  1  2  3  4 |
---------------+-------------+-----
Dodging        | 3 |  3.7
Maces & Flails | 4 |  4.4
Fighting       | 4 |  4.0
Stealth        | 1 |  1.1

Action                     |  1- 3 |  4- 6 || total
---------------------------+-------+-------++-------
  Melee: Mace              |   102 |   120 ||   222
         Tailslap          |    11 |    22 ||    33
         Punch             |     2 |     1 ||     3
         Morningstar       |       |    13 ||    13
  Throw: Dart              |       |     3 ||     3
    Use: Potion            |       |     3 ||     3
         Scroll            |       |     4 ||     4
   Stab: Sleeping          |       |     2 ||     2
         Invisible         |       |     1 ||     1
         Distracted        |       |     1 ||     1
 Armour: Skin              |    99 |    71 ||   170
  Dodge: Dodged            |    97 |   101 ||   198

Table legend: (Time is in decaauts)
 A = Elapsed time spent in this place.
 B = Non-inter-level travel time spent in this place.
 C = Inter-level travel time spent in this place.
 D = Time resting spent in this place.
 E = Time spent auto-exploring this place.
 F = Levels seen in this place.
 G = Mean time per level.
                   A        B        C        D        E       F      G
               +--------+--------+--------+--------+--------+-----+--------+
         Total |   3828 |   3824 |      4 |    576 |      0 |   4 |  957.0 |
       Dungeon |   3828 |   3824 |      4 |    576 |      0 |   4 |  957.0 |
               +--------+--------+--------+--------+--------+-----+--------+

Top non-repeatable levels by time:
     D:3: 1347 daAuts
     D:2: 1245 daAuts
     D:1: 1029 daAuts
     D:4: 206 daAuts
